 Dungeon Crawl Stone Soup version 0.30.1-11-g7821555f0a (webtiles) character file.

Game seed: 13799912911782665536

260 jagang the Slasher (level 6, 0/49 HPs)
             Began as a Barachi Monk on Dec 20, 2023.
             Was a Believer of the Shining One.
             Succumbed to a water moccasin's poison
             ... on level 5 of the Dungeon.
             The game lasted 00:07:15 (3572 turns).

jagang the Slasher (Barachi Monk)                   Turns: 3572, Time: 00:07:16

Health: 0/49       AC:  9    Str: 10 (13) XL:     6   Next: 17%
Magic:  6/6        EV:  6    Int:  8 (10) God:    the Shining One [**....]
Gold:   292        SH:  0    Dex: 15 (16) Spells: 5/5 levels left

rFire   + . .        a - +0 falchion
rCold   + . .        d - orb {light}
rNeg    + . .        e - +0 chain mail
rPois   +            (no helmet)
rElec   +            (no cloak)
rCorr   +            (no gloves)
SInv    .            (no boots)
Will    .....        p - amulet of regeneration Stlth
                     (no ring)
HPRegen 1.08/turn    (no ring)
MPRegen 0.10/turn

%: no passive effects
@: mighty, lethally poisoned (0 -> -4), resistant, unable to hop, glowing, slow
A: amphibious, slowness 1, strong legs 1, +LOS
a: Hop, Renounce Religion, Divine Shield


You were on level 5 of the Dungeon.
You worshipped the Shining One.
The Shining One was pleased with you.
You visited 1 branch of the dungeon, and saw 5 of its levels.

You collected 292 gold pieces.

Inventory:

Hand Weapons
 a - a +0 falchion (weapon)
Missiles
 j - 8 poisoned darts
 r - 4 boomerangs (quivered)
 x - 6 atropa-tipped darts
Armour
 d - an orb of light (worn)
 e - a +0 chain mail (worn)
 t - a +0 leather armour
Jewellery
 h - a ring of fire
 p - an amulet of regeneration (around neck)
Wands
 l - a wand of iceblast (7)
Scrolls
 c - a scroll of brand weapon
 f - 2 scrolls of fog
 g - 2 scrolls of fear
 n - a scroll of silence
 u - a scroll of vulnerability {unknown}
 v - a scroll of immolation {unknown}
 w - a scroll of magic mapping {unknown}
 y - a scroll of acquirement {unknown}
 z - a scroll of blinking {unknown}
 A - a scroll of teleportation {unknown}
Potions
 i - a potion of invisibility {unknown}
 k - 3 potions of might
 m - 2 potions of lignification
 o - a potion of magic {unknown}
 q - a potion of resistance
 s - a potion of heal wounds {unknown}


   Skills:
 + Level 4.7 Fighting
 + Level 4.7 Long Blades
 + Level 1.9 Throwing
 * Level 4.1 Armour
 - Level 4.0 Dodging


You had 5 spell levels left.
You didn't know any spells.
Your spell library was empty.

Dungeon Overview and Level Annotations

Branches:
Dungeon (5/15)
 Temple: D:4-7

Altars:
Sif Muna
The Shining One

Shops:
D:1 (


Innate Abilities, Weirdness & Mutations

You are amphibious.
You cover ground slowly.
You can hop short distances.
You have an extended range of vision and can be seen from far away.


Message History

The water moccasin is severely wounded.
You feel very sick. The water moccasin bites you.
You hit the water moccasin.
The water moccasin is severely wounded.
You feel sick. The water moccasin bites you.
* * * LOW HITPOINT WARNING * * *
You barely miss the water moccasin.
The water moccasin is severely wounded.
You feel sick. The water moccasin barely misses you.
You hit the water moccasin.
The water moccasin is almost dead.
You feel sick.
The water moccasin bites you but does no damage.
The water moccasin bites you.
* * * LOW HITPOINT WARNING * * *
You feel very mighty all of a sudden.
You feel sick.
The water moccasin bites you but does no damage.
You barely miss the water moccasin.
The water moccasin is almost dead.
You feel sick. The water moccasin bites you.
* * * LOW HITPOINT WARNING * * *
You are lethally poisoned!
The water moccasin poisons you! The water moccasin bites you.
* * * LOW HITPOINT WARNING * * *
You hit the water moccasin.
The water moccasin is almost dead.
* * * LOW HITPOINT WARNING * * *
You feel very sick.
The water moccasin bites you but does no damage.
It was a potion of resistance.
You feel protected. The Shining One protects you from harm!
The water moccasin bites you but does no damage.
The water moccasin closely misses you.
It was a potion of degeneration.
There was something very wrong with that liquid.
You feel weakened.
You feel dopey.
You feel clumsy.
You die...

. ?# . . .# #.##
#...##
#########.....###
#..@SS..<........
#.#######..<..###
# #...## #.## .#
#


You could see a water moccasin and an adder.

Vanquished Creatures
  A scorpion (D:4)
  An iguana (D:4)
  2 orc wizards (D:3)
  6 adders
  2 worms (D:4)
  A dart slug (D:4)
  5 orcs
  10 ball pythons
  3 bats
  9 endoplasms
  4 goblins
  8 hobgoblins
  2 frilled lizards (D:2)
  3 kobolds
  2 rats (D:2)
59 creatures vanquished.

Notes
Turn   | Place    | Note
-------+----------+-------------------------------------------
     0 | D:1      | jagang the Barachi Monk began the quest for the Orb.
     0 | D:1      | Reached XP level 1. HP: 18/18 MP: 1/1
   254 | D:1      | Reached skill level 1 in Armour
   254 | D:1      | Reached XP level 2. HP: 25/25 MP: 2/2
   288 | D:1      | Found Pugauk's Weapon Shoppe.
  1168 | D:2      | Reached XP level 3. HP: 16/30 MP: 3/3
  1994 | D:3      | Reached XP level 4. HP: 30/37 MP: 4/4
  2054 | D:3      | Identified the +1 scale mail of the Desolation of Salt
                  | {Harm rF- Int+5}
  2088 | D:3      | Reached skill level 1 in Throwing
  2430 | D:3      | Reached XP level 5. HP: 38/42 MP: 5/5
  2535 | D:3      | Found a shimmering blue altar of Sif Muna.
  3068 | D:4      | Found a glowing golden altar of the Shining One.
  3075 | D:4      | Became a worshipper of the Shining One
  3075 | D:4      | Reached * piety under the Shining One
  3075 | D:4      | Reached ** piety under the Shining One
  3228 | D:4      | Reached XP level 6. HP: 49/49 MP: 6/6
  3555 | D:5      | Entered Level 5 of the Dungeon
  3555 | D:5      | Noticed a water moccasin
  3570 | D:5      | HP: 1/49 [poisoned by a water moccasin]
  3571 | D:5      | The Shining One protects you from harm!
  3572 | D:5      | Succumbed to a water moccasin's poison

Illustrated notes

Levels and vault maps discovered:
D:1:      dpeg_arrival_arbitrary_b, layout_basic, serial_shops,
          nicolae_shop_tiny_statue_garden
D:2:      minmay_skewed_foursquare, layout_basic
D:3:      layout_basic, nicolae_sif_muna_little_library, patterned_corridor
D:4:      layout_cave_pods, tso_altar
D:5:      layout_loops_ring, minmay_temple_entry_sparse_star

Skill      XL: |  1  2  3  4  5  6 |
---------------+-------------------+-----
Armour         | 1 2 3 4 |  4.1
Fighting       | 4 |  4.7
Long Blades    | 4 |  4.7
Throwing       | 1 |  1.9
Dodging        | 4 |  4.0

Action                     |  1- 3 |  4- 6 || total
---------------------------+-------+-------++-------
  Melee: Falchion          |    68 |   126 ||   194
  Throw: Dart              |       |     7 ||     7
         Boomerang         |       |     1 ||     1
Ability: Hop               |     1 |     1 ||     2
    Use: Potion            |       |     4 ||     4
         Scroll            |       |     6 ||     6
 Armour: Robe              |     7 |       ||     7
         Leather armour    |     4 |    13 ||    17
         Chain mail        |       |    38 ||    38
  Dodge: Dodged            |    38 |    52 ||    90
